 Dungeon Crawl Stone Soup version 0.18-a0-1577-gf591c28 (webtiles) character file.

466644 M4edhros the Peltast (level 24, -3/146 HPs)
             Began as an Octopode Artificer on Mar 22, 2016.
             Was an Initiate of Gozag.
             Slain by a phantasmal warrior (31 damage)
             ... on level 3 of the Crypt on Mar 23, 2016.
             The game lasted 04:51:11 (88568 turns).

M4edhros the Peltast (Octopode Artificer)          Turns: 88568, Time: 04:51:11

Health: -3/146     AC:  8    Str: 12    XL:     24   Next: 59%
Magic:  46/46      EV: 28    Int: 21    God:    Gozag
Gold:   3891       SH: 33    Dex: 28    Spells: 16 memorised, 1 level left

rFire  . . .     SeeInvis .     E - +9 eveningstar (holy)
rCold  + + +     Gourm    .     l - +5 large shield
rNeg   + + .     Faith    .     f - +2 hat
rPois  +         Spirit   .     L - +6 amulet of reflection
rElec  .         Dismiss  .     H - ring of positive energy
rCorr  +         Reflect  +     a - ring of resist corrosion
SustAt .         Harm     .     D - ring of positive energy
MR     +++..     Clarity  +     A - +2 ring of evasion
Stlth  ++++++++++               (no ring)
                                B - ring "Dirar" {rC+ MR+ Dex+4 Stlth+}
                                J - +4 ring of dexterity
                                t - ring "Reing" {+Blink MP+9 Int+3}

@: flayed, gold aura, starving, repel missiles, extremely resistant to hostile
enchantments, uncannily stealthy
A: almost no armour, amphibious, 8 rings, constrict 8, antennae 2, fangs 2,
molten scales 2, thin metallic scales 1, camouflage 1, clarity, clever 1, cold
resistance 2, magic resistance 1, poison resistance, gelatinous body 1
a: Potion Petition, Call Merchant, Bribe Branch, Renounce Religion, Evoke Blink
}: 2/15 runes: decaying, silver


You were on level 3 of the Crypt.
You worshipped Gozag.
Gozag was noncommittal.
You were starving.

You visited 9 branches of the dungeon, and saw 45 of its levels.
You also visited: Ossuary and Ice Cave.

You collected 25031 gold pieces.
You spent 3201 gold pieces at shops.
You paid 17939 gold pieces to Gozag.

Inventory:

Hand Weapons
 z - a +2 eveningstar of pain
 E - a +9 eveningstar of holy wrath (weapon)
 Q - the +6 quick blade "Syidac" {venom, rF++}
   (You bought it in a shop on level 5 of the Lair of Beasts)

   It poisons the flesh of those it strikes.
   It greatly protects you from fire.
 V - a +4 greatsling of evasion
Missiles
 k - 1318 stones (quivered)
 v - 217 sling bullets
Armour
 b - the +0 shield of Sicarys {+Inv rN+ Dex+2}
   (You took it off an ironbrand convoker on level 5 of the Vaults)

   It affects your dexterity (+2).
   It protects you from negative energy.
   It lets you turn invisible.
 f - a +2 hat (worn)
 l - a +5 large shield (worn)
Jewellery
 a - a ring of resist corrosion (right tentacle)
 o - a +2 ring of dexterity
 t - the ring "Reing" (on tentacle) {+Blink MP+9 Int+3}
   (You found it on level 3 of the Elven Halls)

   [ring of intelligence]

   It affects your intelligence (+3).
   It affects your magic capacity (+9).
   It lets you blink.
 A - a +2 ring of evasion (on tentacle)
 B - the ring "Dirar" (on tentacle) {rC+ MR+ Dex+4 Stlth+}
   (You took it off a vault sentinel on level 5 of the Vaults)

   [ring of protection from magic]

   It affects your dexterity (+4).
   It protects you from cold.
   It affects your resistance to hostile enchantments.
   It makes you more stealthy.
 D - a ring of positive energy (on tentacle)
 H - a ring of positive energy (left tentacle)
 J - a +4 ring of dexterity (on tentacle)
 L - a +6 amulet of reflection (around mantle)
 T - an uncursed amulet of regeneration
Wands
 c - a wand of iceblast (7/15)
 g - a wand of digging (18/24)
 m - a wand of iceblast (4/15)
 r - a wand of teleportation (6/9)
 x - a wand of heal wounds (6/9)
 F - a wand of teleportation (7/9)
 O - a wand of hasting (6/9)
Scrolls
 e - 7 scrolls of magic mapping
 j - 7 scrolls of fog
 p - 2 scrolls of teleportation
 s - a scroll of identify
 N - 4 scrolls of fear
 R - 2 scrolls of blinking
 S - a scroll of recharging
 Z - 2 scrolls of summoning
Potions
 h - 4 potions of might
 i - a potion of haste
 w - a potion of heal wounds
 C - a potion of agility
 G - 5 potions of cancellation
 I - 6 potions of invisibility
 K - 3 potions of magic
 P - 7 potions of curing
 Y - a potion of berserk rage
Miscellaneous
 n - a fan of gales
 q - a box of beasts {used: 4}
 u - a stone of tremors
 y - a phial of floods
 M - a lamp of fire
 X - a lantern of shadows
Comestibles
 d - 5 fruits
 W - 5 bread rations


   Skills:
 - Level 7.5 Fighting
 - Level 8.0 Short Blades
 - Level 9.0 Maces & Flails
 - Level 17.5 Slings
 - Level 13.3 Dodging
 - Level 19.7 Stealth
 - Level 20.1 Shields
 + Level 10.8 Spellcasting
 - Level 3.4 Conjurations
 - Level 7.2 Charms
 - Level 7.1 Summonings
 - Level 9.6 Necromancy
 + Level 8.3 Translocations
 * Level 9.0 Transmutations
 - Level 9.6 Air Magic
 * Level 9.6 Earth Magic
 - Level 8.5 Poison Magic
 - Level 3.2 Evocations


You had one spell level left.
You knew the following spells:

 Your Spells              Type           Power        Failure   Level  Hunger
a - Spectral Weapon       Hex/Chrm       ####....     10%         3    None
b - Regeneration          Chrm/Necr      #####.....   1%          3    None
c - Shroud of Golubria    Chrm/Tloc      #####.....   1%          2    None
d - Mephitic Cloud        Conj/Pois/Air  #####...     1%          3    None
e - Summon Forest         Summ/Tloc      #####.....   17%         5    ####...
f - Summon Butterflies    Summ           #####...     1%          1    None
g - Gell's Gravitas       Hex/Tloc       ####......   10%         3    None
h - Apportation           Tloc           #####.....   1%          1    None
i - Swiftness             Chrm/Air       #####...     1%          2    None
j - Olgreb's Toxic Radia  Pois           #####...     3%          4    ##.....
k - Song of Slaying       Chrm           #####...     1%          2    None
l - Summon Lightning Spi  Summ/Air       #####...     3%          4    ##.....
m - Conjure Flame         Conj/Fire      ###.....     21%         3    None
n - Repel Missiles        Chrm/Air       #####.       1%          2    None
o - Passwall              Trmt/Erth      ######....   1%          2    None
p - Ozocubu's Armour      Chrm/Ice       ####....     10%         3    None


Dungeon Overview and Level Annotations

Branches:
Dungeon (15/15)            Temple (1/1) D:5            Lair (8/8) D:9
  Swamp (4/4) Lair:6       Spider (4/4) Lair:6        Slime (0/6) Lair:7
    Orc (2/2) D:12            Elf (3/3) Orc:2        Vaults (5/5) D:13
  Crypt (3/3) Vaults:2       Tomb (0/3) Crypt:3      Depths (0/5) D:15

Altars:
Ashenzari
Cheibriados
Dithmenos
Elyvilon
Fedhas
Gozag
Kikubaaqudgha
Makhleb
Nemelex Xobeh
Okawaru
Pakellas
Qazlal
Ru
Sif Muna
Trog
Vehumet
Xom
Yredelemnul
Zin
The Shining One
Beogh

Shops:
D:5 **   D:8 *!!*   D:9 [   D:11 ?   D:12 :(=(?=}*   D:14 *   Orc:2 :([*
Elf:1 }   Elf:3 *}*=:*!}   Lair:5 (   Vaults:1 [   Vaults:2 *   Vaults:4 ([%[%
Vaults:5 *

Annotations:
D:14 1 runed door
Elf:2 3 runed doors


Innate Abilities, Weirdness & Mutations

You cannot wear most types of armour.
You are amphibious.
You can wear up to eight rings at the same time.
You can use your tentacles to constrict eight enemies at once.
Your skin changes colour to match your surroundings (Stealth).
Your rubbery body absorbs attacks (AC +1).
You have a pair of antennae on your head.
You have extremely sharp teeth.
You are mostly covered in molten scales (AC +3, EV -1).
You are partially covered in thin metallic scales (AC +2).
You possess an exceptional clarity of mind.
Your mind is acute. (Int +2)
Your flesh is very cold resistant.
You are resistant to hostile enchantments.
Your system is resistant to poisons.


Message History

You hit the flayed ghost.
The flayed ghost convulses!
You bite the flayed ghost, but do no damage.
Your squeeze misses the flayed ghost.
The flayed ghost is heavily damaged.
You block the flayed ghost's attack.
You block the phantasmal warrior's attack.
You block the flayed ghost's attack.
You hit the flayed ghost but do no damage.
Your squeeze misses the flayed ghost.
The flayed ghost is heavily damaged.
You block the phantasmal warrior's attack.
The flayed ghost hits you.
* * * LOW HITPOINT WARNING * * *
Unknown command.
You closely miss the flayed ghost. You squeeze the flayed ghost!
The flayed ghost is heavily damaged.
You block the phantasmal warrior's attack.
The flayed ghost closely misses you. The phantasmal warrior hits you!!
You die...
Your body crumbles into a pile of gold.

≈≈≈≈≈≈≈≈≈≈≈≈≈ ###.#######...
≈≈≈≈≈≈≈≈≈≈≈≈≈≈≈≈≈≈## #.#[.≈# ##..
≈≈≈≈≈≈≈≈≈≈≈≈≈≈≈≈≈≈≈###.#..≈# ##.
≈≈≈≈≈≈≈≈≈≈≈≈≈≈≈≈≈≈≈≈##.#.########
≈≈≈≈≈≈≈≈≈≈≈≈≈≈≈≈≈≈≈≈##.#.#...≈#[#
≈.....≈≈≈≈≈≈≈≈≈≈≈≈≈≈##.#.#...≈#.≈
....)...≈≈≈≈≈≈≈≈≈≈≈≈≈#.#'#'####'#
.........≈≈≈≈≈≈≈W≈≈≈≈#...........
).........≈≈≈≈≈≈@≈≈≈≈############
..........≈≈≈≈.$$W..$'...........
...........≈≈........'....⌠.....⌠
...............≈≈≈≈≈≈#...........
..............≈≈≈≈≈≈≈#..$.⌠.....⌠
.............≈≈≈≈≈≈≈≈#...........
...........≈≈≈≈≈≈≈≈≈#######'#####
..........≈≈≈≈≈≈≈≈≈≈#.......#8...
..........≈≈≈≈≈≈≈≈≈≈#.......#....


You could see a flayed ghost and a phantasmal warrior.

Vanquished Creatures
  Khufu (Crypt:2)
  A greater mummy (Crypt:2)
  Boris (Vaults:4)
  Frederick (Vaults:4)
  the Lernaean hydra (Swamp:4)
  A golden dragon (Vaults:5)
  Xtahua (Vaults:4)
  6 liches
  Jorgrun (Crypt:2)
  3 tentacled monstrosities
  Asterion (Vaults:1)
  5 titans (Vaults:5)
  2 deep elf blademasters (Elf:3)
  2 deep elf master archers (Elf:3)
  3 sphinxes
  Gastronok (Lair:1)
  2 ancient champions (Crypt:2)
  A thorn hunter (Swamp:2)
  A sphinx (shapeshifter) (Vaults:5)
  6 shadow dragons (Vaults:5)
  Kirke (Spider:2)
  A storm dragon (Vaults:5)
  3 revenants
  2 tengu reavers (Vaults:5)
  2 fire giants
  10 vault wardens
  Wiglaf (Spider:2)
  2 frost giants
  Louise (Swamp:3)
  An emperor scorpion (Spider:4)
  Donald (Swamp:3)
  Maud (Lair:4)
  8 deep elf sorcerers
  2 deep elf elementalists (Elf:3)
  9 ghouls (Crypt:2)
  2 curse skulls
  7 war gargoyles
  5 very ugly things (Vaults:5)
  15 ironheart preservers
  5 stone giants
  3 salamander stormcallers
  7 vampire knights
  9 deep elf demonologists
  A dire elephant (Lair:8)
  13 deep elf annihilators
  7 ettins
  5 fire dragons
  14 deep elf death magi
  A quicksilver dragon zombie (Crypt:3)
  30 vault guards
  6 eidola
  17 yaktaur captains
  14 jiangshi
  2 rakshasas
  2 great orbs of eyes (Vaults:5)
  A quicksilver dragon skeleton (Crypt:3)
  4 deep elf high priests
  Josephine (Lair:5)
  2 ice dragons
  4 entropy weavers
  Erica (D:8)
  21 hydras
  A ghost crab (Swamp:4)
  12 ogre magi
  9 centaur warriors
  6 death knights
  2 catoblepae (Lair:8)
  12 alligators
  A deep troll shaman (Lair:8)
  A deep troll earth mage (Vaults:2)
  A hellephant zombie (Crypt:2)
  9 death yaks
  11 vampire magi
  3 soul eaters
  Urug (D:13)
  Nergalle (Lair:1)
  An orc high priest (Orc:2)
  3 spriggans
  4 fire crabs
  9 deep elf knights
  2 salamander mystics
  A fire crab (shapeshifter) (Vaults:1)
  15 skeletal warriors
  An anaconda zombie (Crypt:3)
  9 swamp dragons (Swamp:4)
  A giant orange brain (Vaults:3)
  4 unseen horrors
  3 shadow wraiths
  2 shambling mangroves
  2 spriggan druids (Swamp:4)
  7 flayed ghosts
  5 deep trolls
  A harpy (shapeshifter) (Vaults:4)
  8 hill giants
  9 deep elf archers
  19 ironbrand convokers
  An anaconda skeleton (Crypt:3)
  3 necromancers
  2 wolf spider zombies
  14 orc knights
  17 phantasmal warriors
  4 griffons
  15 orb spiders
  A wizard (Vaults:3)
  A wolf spider (shapeshifter) (Vaults:5)
  2 orc sorcerers (Orc:2)
  A stone giant zombie (Crypt:3)
  34 wolf spiders
  46 deep elf magi
  31 ugly things
  A fire giant zombie (Crypt:3)
  A faun (shapeshifter) (Vaults:3)
  A salamander (shapeshifter) (D:12)
  3 salamanders
  8 cyclopes
  18 elephants
  7 fire giant skeletons
  A guardian serpent (shapeshifter) (Elf:1)
  5 hornets
  3 centaur zombies
  2 stone giant skeletons (Crypt:1)
  3 ice statues (IceCv)
  4 black mambas
  15 vault sentinels
  4 gargoyles (Crypt:3)
  18 spiny frogs
  A rime drake (Lair:6)
  2 dire elephant skeletons
  A storm dragon simulacrum (Vaults:1)
  A yellow draconian zombie (Crypt:1)
  26 yaktaurs
  2 yaktaur zombies (Vaults:4)
  An efreet (D:14)
  7 demonic crawlers
  2 kobold demonologists (D:12)
  7 komodo dragons
  12 freezing wraiths
  A yaktaur skeleton (Vaults:2)
  A queen bee (D:11)
  27 jumping spiders
  15 trolls
  A jumping spider (shapeshifter) (Vaults:2)
  2 polar bears (Lair:8)
  25 two-headed ogres
  Grinder (D:4)
  A tengu simulacrum (Vaults:4)
  7 giant leeches
  A shadow dragon simulacrum (Crypt:1)
  33 slime creatures
  25 blink frogs
  13 bog bodies
  6 boulder beetles
  A human simulacrum (Vaults:4)
  86 redbacks
  10 fire dragon skeletons (Crypt:3)
  16 wraiths
  2 air elementals (Elf:3)
  4 vampires
  46 yaks
  2 water elementals (Elf:3)
  7 shadows
  2 wyverns
  26 tarantellas
  A human (shapeshifter) (Vaults:5)
  7 fire elementals
  9 hippogriffs
  Edmund (D:5)
  5 hungry ghosts
  2 steam dragons
  2 basilisks
  6 insubstantial wisps (Swamp:1)
  5 mottled dragons
  48 vampire mosquitoes
  8 wargs
  A soldier ant (D:14)
  13 swamp worms
  9 porcupines
  12 water moccasins
  A monstrous demonspawn skeleton (Crypt:1)
  A spiny frog skeleton (Crypt:3)
  14 swamp drakes
  46 orc warriors
  3 black bears
  2 sky beasts
  13 wasps
  9 necrophages
  54 ogres
  11 ice beasts
  10 centaurs
  5 boggarts
  4 phantoms
  13 wolves
  14 crocodiles
  A big kobold (D:12)
  2 elf zombies
  14 giant frogs
  Blork the orc (Orc:2)
  An earth elemental (Elf:3)
  A glowing shapeshifter simulacrum (Vaults:3)
  A wyvern zombie (D:13)
  5 scorpions
  Dowan (D:5)
  An elf simulacrum (Vaults:4)
  23 killer bees
  A raiju zombie (Crypt:1)
  A raiju skeleton (Crypt:2)
  21 wights
  4 electric eels
  2 howler monkeys
  A black bear zombie (Crypt:2)
  8 crimson imps
  3 quasits
  2 giant frog zombies
  2 human zombies
  A wasp zombie (D:8)
  2 jellies
  5 hounds
  26 orc priests
  4 centaur skeletons
  27 orc wizards
  A soldier ant zombie (Crypt:1)
  5 giant frog skeletons
  10 iguanas
  A black bear skeleton (Crypt:1)
  Natasha (thrice) (D:3)
  11 worker ants
  A worker ant (shapeshifter) (D:7)
  A boulder beetle simulacrum (Vaults:2)
  26 sheep
  An ogre zombie (Crypt:2)
  2 big kobold zombies (Ossuary)
  A hound zombie (D:8)
  2 deep dwarf skeletons
  An ogre skeleton (Crypt:3)
  2 hound skeletons
  3 mummies
  A howler monkey skeleton (Crypt:1)
  2 gnolls (D:5)
  A steam dragon zombie (Crypt:1)
  9 adders
  72 river rats
  3 shadow imps
  14 white imps
  2 oozes
  2 adder zombies
  An adder skeleton (D:6)
  A lava snake skeleton (Crypt:1)
  2 worms
  A dart slug (shapeshifter) (Vaults:5)
  2 dart slugs (D:1)
  3 giant geckos
  109 orcs
  10 bats
  5 giant cockroaches
  14 hobgoblins
  10 jackals
  8 kobolds
  6 quokkas
  A ball python skeleton (D:5)
  A giant gecko skeleton (D:5)
  4 giant newts
  7 goblins
  A goblin zombie (Ossuary)
  9 hobgoblin zombies (Ossuary)
  A jackal skeleton (D:8)
  A jackal zombie (Ossuary)
  A kobold skeleton (Crypt:2)
  12 kobold zombies (Ossuary)
  5 orc zombies (Ossuary)
  A quokka skeleton (D:5)
  17 rats
  A rat zombie (Ossuary)
  A fire vortex (Lair:3)
  A fungus (Lair:5)
  2 lost souls (Crypt:3)
  3 spectral weapons (Vaults:4)
2058 creatures vanquished.

Vanquished Creatures (collateral kills)
  Saint Roka (Orc:2)
  Nikola (Vaults:1)
  Arachne (Spider:4)
  A war gargoyle (Vaults:5)
  A deep troll (Vaults:5)
  An orc sorcerer (Orc:2)
  A wolf spider (Spider:4)
  A redback (Spider:4)
  An orc warrior (Orc:2)
  A wight (D:7)
  2 crimson imps (D:5)
  A big kobold zombie (Ossuary)
  A mummy (Ossuary)
  3 orcs
  A hobgoblin zombie (Ossuary)
  A kobold zombie (Ossuary)
19 creatures vanquished.

Vanquished Creatures (others)
  A tengu reaver (Vaults:5)
  2 stone giants (Vaults:5)
  2 yaktaur captains (Vaults:5)
  A centaur warrior (D:15)
  12 dancing weapons
  4 deep elf archers
  A salamander (Vaults:2)
  A yaktaur skeleton (Vaults:2)
  2 yaktaurs
  A two-headed ogre (D:11)
  4 humans (Spider:3)
  2 yaks (Lair:5)
  A hippogriff (Lair:6)
  A swamp worm (Swamp:4)
  Duvessa (D:5)
  A water moccasin (Lair:8)
  A swamp drake (Lair:5)
  An orc warrior (Vaults:1)
  An elf zombie (Vaults:2)
  2 ogres
  A centaur (D:15)
  A giant frog (Lair:7)
  2 howler monkeys (D:5)
  An orc priest (D:4)
  A gnoll (D:5)
  A worm (D:8)
  3 orcs
  A fire vortex (Vaults:2)
  31 fungi
  4 lost souls
  17 plants
  3 snaplasher vine segments (Crypt:2)
  42 spectral weapons
  6 withered plants (Crypt:3)
156 creatures vanquished.

Grand Total: 2233 creatures vanquished

Notes
Turn   | Place    | Note
--------------------------------------------------------------
     0 | D:1      | M4edhros the Octopode Artificer began the quest for the Orb.
     0 | D:1      | Reached XP level 1. HP: 13/13 MP: 3/3
   195 | D:1      | Reached XP level 2. HP: 2/18 MP: 4/4
   800 | D:2      | Reached XP level 3. HP: 23/23 MP: 5/5
  1182 | D:2      | Reached XP level 4. HP: 28/28 MP: 6/6
  1358 | D:3      | Reached skill level 5 in Stealth
  1364 | D:3      | Reached XP level 5. HP: 4/33 MP: 7/7
  1651 | D:3      | Noticed Natasha
  1662 | D:3      | Killed Natasha
  1696 | D:3      | Found a shimmering altar of Xom.
  1696 | D:3      | Noticed Natasha
  1697 | D:3      | Found a shimmering altar of Xom.
  1697 | D:3      | Found a shimmering altar of Xom.
  1700 | D:3      | Found a shimmering altar of Xom.
  1711 | D:3      | Killed Natasha
  1711 | D:3      | Reached XP level 6. HP: 28/38 MP: 8/8
  1717 | D:3      | Became a worshipper of Xom of Chaos
  1731 | D:3      | Noticed Natasha
  1737 | D:3      | Killed Natasha
  2078 | D:4      | XOM: harmless Chrm miscast
  2277 | D:4      | XOM: divination: magic mapping
  2408 | D:4      | XOM: potion effect (haste)
  2551 | D:4      | Reached XP level 7. HP: 39/43 MP: 9/9
  2574 | D:4      | XOM: divination: detect items
  2598 | D:4      | Noticed Grinder
  2598 | D:4      | Paralysed by Grinder for 4 turns
  2601 | D:4      | XOM: potion effect (might)
  2606 | D:4      | Paralysed by Grinder for 4 turns
  2607 | D:4      | XOM: potion effect (might)
  2609 | D:4      | XOM: butterfly on damage
  2609 | D:4      | XOM: smoke on damage
  2610 | D:4      | Killed Grinder
  2610 | D:4      | Reached skill level 5 in Dodging
  2685 | D:4      | XOM: mild Fire miscast
  2857 | D:4      | XOM: harmless Air miscast
  2985 | D:5      | Entered Level 5 of the Dungeon
  2991 | D:5      | Found an oddly glowing altar of Pakellas.
  2991 | D:5      | Found Gozag's Platinum Reserve.
  2991 | D:5      | Noticed Duvessa
  2992 | D:5      | Noticed Dowan
  2994 | D:5      | Found an opulent altar of Gozag.
  2999 | D:5      | XOM: summons 7 friendly demons
  3387 | D:4      | Reached skill level 10 in Stealth
  3776 | D:4      | XOM: harmless Erth miscast
  3909 | D:5      | XOM: divination: detect items
  3925 | D:5      | XOM: chaos upgrade
  3926 | D:5      | Killed Dowan
  3926 | D:5      | Reached XP level 8. HP: 40/48 MP: 10/10
  3928 | D:5      | XOM: potion effect (agility)
  3935 | D:5      | XOM: noise
  3950 | D:5      | XOM: summons friendly white imp
  3975 | D:5      | XOM: potion effect (might)
  4067 | D:5      | XOM: summons 5 friendly demons
  4140 | D:5      | XOM: enchant monster (good)
  6006 | D:4      | XOM: silly message
  6149 | D:4      | XOM: god gift: 17 stones
  6160 | D:5      | XOM: potion effect (berserk rage)
  6168 | D:5      | XOM: confuse monster(s)
  6169 | D:5      | Killed Duvessa
  6173 | D:5      | Found Xusekh's General Store.
  6189 | D:5      | Gained mutation: Your magical capacity is low (-10% MP). [potion of mutation]
  6189 | D:5      | Gained mutation: You are surrounded by a mild repulsion field (EV +2). [potion of mutation]
  6189 | D:5      | Gained mutation: You are agile. (Dex +2) [potion of mutation]
  6340 | D:5      | XOM: medium Hex miscast
  6369 | D:5      | XOM: mild Tloc miscast
  6372 | D:5      | XOM: enchant monster (bad)
  6383 | D:5      | XOM: enchant monster (bad)
  6394 | D:5      | XOM: silly message
  6411 | D:5      | XOM: blink monster(s)
  6415 | D:5      | XOM: harmless Erth miscast
  6418 | D:5      | XOM: mild Ice miscast
  6427 | D:5      | XOM: mild Hex miscast
  6442 | D:5      | XOM: harmless Summ miscast
  6444 | D:5      | XOM: mild Divn miscast
  6553 | D:5      | XOM: enchant monster (bad)
  6619 | D:5      | XOM: summons friendly iron imp
  6656 | D:5      | XOM: enchant monster (bad)
  6714 | D:5      | XOM: confuse monster(s)
  6815 | D:5      | Found a staircase to the Ecumenical Temple.
  6818 | D:5      | Noticed Edmund
  6833 | D:5      | Killed Edmund
  7102 | D:5      | XOM: harmless Necr miscast
  7105 | D:5      | Found a radiant altar of Vehumet.
  7132 | Temple   | Entered the Ecumenical Temple
  7161 | Temple   | XOM: give mutations
  7161 | Temple   | Gained mutation: Your mind is acute. (Int +2) [Xom's grace]
  7161 | Temple   | Gained mutation: Your mind is very acute. (Int +4) [Xom's grace]
  7161 | Temple   | Gained mutation: You are partially covered in iridescent scales (AC +4). [Xom's grace]
  7161 | Temple   | Gained mutation: You are very agile. (Dex +4) [Xom's grace]
  7355 | Temple   | XOM: cast spell 'Statue Form'
  8544 | Temple   | XOM: god gift: 4 meat rations
  8735 | Temple   | XOM: harmless Air miscast
  9535 | Temple   | XOM: colour smoke trail
 10161 | D:5      | XOM: enchant monster (bad)
 10170 | D:5      | XOM: noise
 10191 | D:5      | XOM: silly message
 10249 | D:5      | XOM: divination: detect items
 10268 | D:5      | XOM: harmless Fire miscast
 10312 | D:5      | XOM: potion effect (berserk rage)
 10325 | D:5      | XOM: divination: detect creatures
 10360 | D:5      | XOM: potion effect (agility)
 10558 | Temple   | XOM: colour smoke trail
 11310 | Temple   | XOM: god gift: ivory wand {god gift}
 11890 | Temple   | XOM: divination: detect creatures
 12162 | Temple   | XOM: noise
 13074 | Temple   | XOM is BORED!
 13074 | Temple   | XOM: give mutation
 13074 | Temple   | Lost mutation: Your magical capacity is low (-10% MP). [Xom's mischief]
 13210 | D:5      | XOM: harmless Hex miscast
 13359 | D:6      | Found a sand-covered staircase.
 13367 | Ossuary  | Entered an ossuary
 13408 | Ossuary  | XOM: harmless Ice miscast
 13478 | Ossuary  | XOM: confusion
 13479 | Ossuary  | XOM: confusion (+ monsters)
 13480 | Ossuary  | XOM: cast spell 'Summon Ice Beast'
 13485 | Ossuary  | XOM: summons 2 friendly demons
 13516 | Ossuary  | XOM: confusion (+ monsters)
 13533 | Ossuary  | Reached XP level 9. HP: 53/53 MP: 11/11
 13729 | D:6      | XOM: harmless Pois miscast
 13736 | D:6      | XOM: potion effect (haste)
 13743 | D:6      | XOM: divination: magic mapping
 13861 | D:6      | XOM: harmless Ice miscast
 14111 | Temple   | XOM: 1-stop teleportation journey
 14286 | D:6      | XOM: medium Air miscast
 14294 | D:6      | XOM: harmless Conj miscast
 14400 | D:6      | Gained mutation: You tend to lose your temper in combat. [mutagenic meat]
 14401 | D:6      | Gained mutation: You regenerate slowly when monsters are visible. [mutagenic meat]
 14402 | D:6      | Gained mutation: You are robust (+10% HP). [mutagenic meat]
 14403 | D:6      | Gained mutation: You have supernaturally acute eyesight. [mutagenic meat]
 14532 | D:7      | Paralysed by fainting for 9 turns
 14698 | D:7      | Found a shattered altar of Ashenzari.
 14933 | D:7      | XOM: confuse monster(s)
 14970 | D:7      | XOM: potion effect (invisibility)
 15112 | D:7      | XOM: scenery: 1 doors open, 1 doors close
 15183 | D:7      | XOM: colour smoke trail
 15207 | D:7      | Gained mutation: You are partially covered in molten scales (AC +1). [potion of mutation]
 15207 | D:7      | Lost mutation: You are robust (+10% HP). [potion of mutation]
 15207 | D:7      | Lost mutation: You are surrounded by a mild repulsion field (EV +2). [potion of mutation]
 15354 | D:7      | XOM: divination: detect creatures
 15421 | D:8      | Found Voxtysk's Distillery.
 15428 | D:8      | Noticed Erica
 15449 | D:8      | Killed Erica
 15568 | D:7      | XOM: potion effect (berserk rage)
 15673 | D:7      | XOM: noise
 15702 | D:7      | XOM: potion effect (might)
 15776 | D:7      | XOM: cast spell 'Spider Form'
 15781 | D:7      | XOM: mild Tloc miscast
 15828 | D:7      | XOM: mild Hex miscast
 15837 | D:7      | XOM: harmless Conj miscast
 15853 | D:7      | XOM: divination: detect creatures
 15854 | D:7      | XOM: cast spell 'Olgreb's Toxic Radiance'
 15858 | D:7      | XOM: divination: detect creatures
 15868 | D:7      | XOM: mild Fire miscast
 15888 | D:7      | XOM: cast spell 'Confusing Touch'
 15894 | D:7      | XOM: silly message
 15912 | D:7      | XOM: harmless Summ miscast
 15922 | D:7      | XOM: potion effect (haste)
 15944 | D:7      | XOM: harmless Trmt miscast
 16462 | Temple   | XOM: divination: magic mapping
 16798 | Temple   | XOM: give mutations
 16798 | Temple   | Gained mutation: One of your tentacles bears a spike. [Xom's grace]
 16798 | Temple   | Gained mutation: You are resistant to hostile enchantments. [Xom's grace]
 16798 | Temple   | Gained mutation: Your flesh is cold resistant. [Xom's grace]
 17158 | Temple   | XOM: god gift: stone of tremors
 17186 | Temple   | XOM: 1-stop teleportation journey
 17291 | D:7      | XOM: summons friendly crimson imp
 17323 | D:7      | XOM: enchant monster (bad)
 17392 | D:7      | XOM: noise
 17435 | D:7      | XOM: potion effect (haste)
 17437 | D:7      | XOM: harmless Summ miscast
 17475 | D:7      | XOM: enchant monster (bad)
 17512 | D:7      | XOM: enchant monster (good)
 17535 | D:7      | XOM: divination: detect creatures
 17542 | D:7      | XOM: confusion
 17563 | D:7      | XOM: cast spell 'Excruciating Wounds'
 17604 | D:7      | XOM: butterfly on damage
 17731 | D:7      | XOM: cast spell 'Spider Form'
 17819 | D:7      | XOM: mild Ice miscast
 17884 | D:7      | XOM: medium Pois miscast
 17897 | D:7      | XOM: summons friendly quasit
 17916 | D:7      | XOM: swap monsters
 17980 | D:5      | XOM: god gift: dire flail {god gift}
 18173 | Temple   | XOM: 3-stop teleportation journey
 18405 | Temple   | XOM: give mutations
 18405 | Temple   | Gained mutation: Your system is resistant to poisons. [Xom's grace]
 18405 | Temple   | Gained mutation: Your muscles are strong. (Str +2) [Xom's grace]
 18405 | Temple   | Gained mutation: You are somewhat resistant to further mutation. [Xom's grace]
 18430 | Temple   | XOM: give mutations
 18430 | Temple   | Gained mutation: Your flesh is very cold resistant. [Xom's grace]
 18430 | Temple   | Gained mutation: You possess an exceptional clarity of mind. [Xom's grace]
 18430 | Temple   | Gained mutation: One of your tentacles bears a nasty spike. [Xom's grace]
 18522 | Temple   | XOM: god gift: scroll of blinking
 18630 | Temple   | XOM: god gift: 17 gold pieces
 18697 | Temple   | XOM: silly message
 18816 | Temple   | XOM: vitrification
 18823 | Temple   | XOM: 4-stop teleportation journey
 19105 | Temple   | XOM: 4-stop teleportation journey
 19504 | Temple   | XOM: god gift: 11 gold pieces
 19616 | Temple   | XOM: god gift: 850 gold pieces
 19668 | Temple   | XOM: god gift: robe {god gift}
 20539 | Temple   | XOM: god gift: 3 javelins of returning
 20758 | Temple   | XOM: give mutations
 20758 | Temple   | Lost mutation: You are somewhat resistant to further mutation. [Xom's mischief]
 20758 | Temple   | Lost mutation: Your mind is very acute. (Int +4) [Xom's mischief]
 20951 | Temple   | XOM: give mutations
 20951 | Temple   | Gained mutation: One of your tentacles bears a large vicious spike. [Xom's grace]
 20951 | Temple   | Gained mutation: You have a pair of small antennae on your head. [Xom's grace]
 20951 | Temple   | Lost mutation: You regenerate slowly when monsters are visible. [Xom's grace]
 20951 | Temple   | Gained mutation: Your natural rate of healing is unusually fast. [Xom's grace]
 20951 | Temple   | Gained mutation: You passively map a small area around you. [Xom's grace]
 21190 | Temple   | XOM: colour smoke trail
 21482 | Temple   | XOM: god gift: 58 gold pieces
 21500 | D:5      | XOM is BORED!
 21500 | D:5      | XOM: summons 4 hostile demons
 21618 | D:7      | XOM: draining
 21628 | D:7      | XOM: torment (28/53 hp)
 21679 | D:7      | XOM: stat loss: -1 Str (11/12)
 21685 | D:7      | XOM: enchant monster (bad)
 21783 | D:7      | XOM: polymorph scorpion -> howler monkey
 21840 | D:7      | XOM: confuse monster(s)
 21845 | D:7      | XOM: chaos upgrade
 21871 | D:7      | XOM: give mutations
 21871 | D:7      | Lost mutation: Your natural rate of healing is unusually fast. [Xom's mischief]
 21871 | D:7      | Lost mutation: One of your tentacles bears a large vicious spike. [Xom's mischief]
 21954 | D:7      | XOM: mild Pois miscast
 21960 | D:7      | XOM: harmless Necr miscast
 22044 | Temple   | XOM: god gift: 5 javelins of returning
 23449 | Temple   | XOM: god gift: runed scimitar {god gift}
 23525 | Temple   | XOM: mild Hex miscast
 24290 | Temple   | XOM: mild Erth miscast
 24305 | Temple   | XOM: cast spell 'Spider Form'
 25598 | Temple   | XOM: god gift: trident {god gift}
 25688 | D:7      | XOM: blink monster(s)
 25693 | D:8      | Reached XP level 10. HP: 58/58 MP: 12/12
 25724 | D:7      | XOM: give mutations
 25724 | D:7      | Lost mutation: You passively map a small area around you. [Xom's mischief]
 25724 | D:7      | Lost mutation: You are partially covered in iridescent scales (AC +4). [Xom's mischief]
 25735 | D:6      | XOM: enchant monster (bad)
 25736 | D:6      | XOM: enchant monster (bad)
 25757 | D:6      | XOM: summons 5 hostile shadow creatures
 25760 | D:6      | XOM: chaos upgrade
 26127 | D:6      | Reached skill level 15 in Stealth
 26183 | D:8      | XOM: 3-stop teleportation journey
 26197 | D:8      | Found Ryum's Assorted Antiques.
 26279 | D:8      | Bought a potion of heal wounds for 80 gold pieces
 26279 | D:8      | Bought a potion of curing for 48 gold pieces
 26313 | D:8      | Found Serurchoata's Distillery.
 26316 | D:8      | Bought a potion of heal wounds for 55 gold pieces
 26316 | D:8      | Bought a potion of heal wounds for 55 gold pieces
 26316 | D:8      | Bought 3 potions of curing for 99 gold pieces
 26354 | D:8      | XOM: colour smoke trail
 26441 | D:8      | XOM: cast spell 'Metabolic Englaciation'
 26464 | D:8      | XOM: confuse monster(s)
 26502 | D:8      | XOM: potion effect (invisibility)
 26523 | D:8      | XOM: noise
 26630 | D:8      | XOM: divination: magic mapping
 26715 | D:8      | XOM: stat loss: -1 Str (12/13)
 26721 | D:8      | XOM: enchant monster (good)
 27460 | Temple   | XOM: colour smoke trail
 27554 | Temple   | XOM is BORED!
 27554 | Temple   | XOM: noise
 28016 | Temple   | XOM: 1-stop teleportation journey
 28350 | Temple   | XOM: give mutations
 28350 | Temple   | Gained mutation: You are partially covered in thin metallic scales (AC +2). [Xom's grace]
 28350 | Temple   | Gained mutation: You evolve. [Xom's grace]
 28379 | Temple   | Gained mutation: You can translocate small distances at will. [evolution]
 28586 | Temple   | XOM: god gift: 41 gold pieces
 28595 | Temple   | XOM: give mutations
 28595 | Temple   | Gained mutation: Your flesh is heat resistant. [Xom's grace]
 28595 | Temple   | Gained mutation: You are mostly covered in molten scales (AC +3, EV -1). [Xom's grace]
 28595 | Temple   | Gained mutation: You have very sharp teeth. [Xom's grace]
 28595 | Temple   | Gained mutation: You have extremely sharp teeth. [Xom's grace]
 29221 | Temple   | XOM: god gift: scroll of amnesia
 29505 | Temple   | XOM: god gift: 15 stones
 30165 | Temple   | XOM: harmless Conj miscast
 30245 | Temple   | XOM: cast spell 'Hydra Form'
 31517 | Temple   | XOM: god gift: 23 gold pieces
 31533 | Temple   | XOM: give mutations
 31533 | Temple   | Lost mutation: You have supernaturally acute eyesight. [Xom's mischief]
 31533 | Temple   | Lost mutation: You tend to lose your temper in combat. [Xom's mischief]
 31533 | Temple   | Lost mutation: Your flesh is very cold resistant. [Xom's mischief]
 31663 | Temple   | XOM: give mutations
 31663 | Temple   | Gained mutation: Your flesh is very cold resistant. [Xom's grace]
 31663 | Temple   | Gained mutation: You are highly resistant to hostile enchantments. [Xom's grace]
 31663 | Temple   | Gained mutation: You have a pair of antennae on your head. [Xom's grace]
 31819 | D:5      | Fell from the grace of Xom
 31819 | D:5      | Became a worshipper of Gozag Ym Sagoz the Greedy
 32046 | D:8      | Found a sparkling altar of Nemelex Xobeh.
 32567 | D:8      | Found a glowing silver altar of Zin.
 32567 | D:8      | Found a sacrificial altar of Ru.
 32705 | D:9      | Found a staircase to the Lair.
 32744 | D:9      | Found a shadowy altar of Dithmenos.
 33207 | D:9      | XOM: medium Divn miscast
 33254 | Lair:1   | Entered Level 1 of the Lair of Beasts
 33255 | Lair:1   | Noticed a spiny frog
 33260 | Lair:1   | Killed a spiny frog
 33327 | Lair:1   | Noticed Nergalle
 33334 | Lair:1   | Killed Nergalle
 33334 | Lair:1   | Reached XP level 11. HP: 58/63 MP: 13/13
 33348 | Lair:1   | Noticed Gastronok
 33457 | Lair:1   | Killed Gastronok
 33457 | Lair:1   | Reached skill level 10 in Dodging
 33616 | Lair:1   | Lost mutation: You can translocate small distances at will. [evolution]
 34774 | Lair:2   | Found a frozen archway.
 34900 | IceCv    | Entered an ice cave
 35044 | IceCv    | Reached XP level 12. HP: 21/68 MP: 14/14
 35078 | IceCv    | Got an ichor-stained shortbow
 35079 | IceCv    | Identified the +6 shortbow of the Warrior {venom, Int+4} (You found it in an ice cave)
 35097 | IceCv    | Learned a level 2 spell: Repel Missiles
 35100 | IceCv    | Learned a level 2 spell: Swiftness
 35141 | IceCv    | XOM: severe Divn miscast
 35432 | D:8      | XOM: medium Chrm miscast
 35441 | D:8      | Found Muzytzat's Assorted Antiques.
 35540 | D:10     | Entered Level 10 of the Dungeon
 35565 | D:10     | Reached skill level 1 in Slings
 35565 | D:10     | Reached skill level 1 in Air Magic
 35622 | D:10     | Reached skill level 1 in Charms
 35711 | D:10     | XOM: summons 5 hostile shadow creatures
 35969 | D:10     | XOM: give mutation
 35969 | D:10     | Lost mutation: You evolve. [Xom's mischief]
 36128 | D:10     | XOM: medium Conj miscast
 36211 | D:10     | XOM: mild Air miscast
 36588 | D:10     | XOM: noise
 37099 | D:11     | XOM: mild Chrm miscast
 37130 | D:11     | Found Fistovon's Magic Scroll Shop.
 37201 | D:11     | XOM: medium Divn miscast
 37458 | D:11     | XOM: enchant monster (bad)
 37613 | D:11     | Learned a level 4 spell: Olgreb's Toxic Radiance
 37771 | D:12     | Found Sitappul's Book Boutique.
 37793 | D:12     | Found Foriod's Magic Scroll Shoppe.
 37841 | D:12     | Bought a scroll of fear for 52 gold pieces
 37841 | D:12     | Bought a scroll of fear for 52 gold pieces
 37850 | D:12     | Bought a +6 amulet of reflection for 250 gold pieces
 37853 | D:12     | Bought a +3 hunting sling of velocity for 307 gold pieces
 38326 | Lair:3   | XOM: give mutations
 38326 | Lair:3   | Lost mutation: Your muscles are strong. (Str +2) [Xom's mischief]
 38326 | Lair:3   | Lost mutation: One of your tentacles bears a nasty spike. [Xom's mischief]
 38412 | Lair:2   | Reached skill level 1 in Poison Magic
 38461 | Lair:2   | XOM: stat loss: -2 Int (14/16)
 38530 | Lair:3   | XOM: mild Fire miscast
 38708 | Lair:3   | Noticed a five-headed hydra
 38720 | Lair:3   | XOM: 4-stop teleportation journey
 38791 | Lair:3   | You fall through a shaft for 2 floors!
 39167 | Lair:4   | XOM: summons 3 hostile shadow creatures
 39187 | Lair:3   | Reached skill level 5 in Slings
 39187 | Lair:3   | Reached XP level 13. HP: 26/76 MP: 15/15
 39286 | Lair:3   | XOM: give mutations
 39286 | Lair:3   | Lost mutation: You are very agile. (Dex +4) [Xom's mischief]
 39286 | Lair:3   | Lost mutation: You are agile. (Dex +2) [Xom's mischief]
 40697 | Lair:4   | Learned a level 3 spell: Mephitic Cloud
 40831 | Lair:4   | Noticed Maud
 40861 | Lair:4   | Killed Maud
 41262 | Lair:4   | XOM: give mutations
 41262 | Lair:4   | Lost mutation: Your flesh is heat resistant. [Xom's mischief]
 41262 | Lair:4   | Lost mutation: One of your tentacles bears a spike. [Xom's mischief]
 41303 | Lair:4   | XOM: mild Tloc miscast
 41419 | Lair:5   | Noticed Josephine
 41596 | Lair:5   | XOM: noise
 41601 | Lair:5   | Reached skill level 5 in Poison Magic
 41999 | Lair:5   | XOM: 1-stop teleportation journey
 42049 | Lair:5   | Killed Josephine
 42822 | Lair:5   | Got a pitted flail
 42823 | Lair:5   | Identified the cursed +1 flail of Darkness {crush, Stlth+} (You found it on level 5 of the Lair of Beasts)
 43110 | Lair:5   | XOM: stat loss: -1 Int (15/16)
 43110 | Lair:5   | Was forgiven by Xom
 43298 | Lair:6   | Reached skill level 5 in Fighting
 43904 | Lair:6   | Reached XP level 14. HP: 75/88 MP: 16/16
 44271 | Lair:6   | Found a staircase to the Swamp.
 44791 | Lair:6   | Found a hole to the Spider Nest.
 45045 | Lair:5   | Bought a crystal quick blade for 580 gold pieces
 45045 | Lair:5   | Identified the +6 quick blade "Syidac" {venom, rF++} (You bought it in a shop on level 5 of the Lair of Beasts)
 46016 | Lair:7   | Found a staircase to the Slime Pits.
 46205 | Lair:7   | Reached skill level 10 in Slings
 47212 | Lair:8   | Entered Level 8 of the Lair of Beasts
 47419 | Lair:5   | Bought a steaming greatsling for 580 gold pieces
 47419 | Lair:5   | Identified the cursed +1 greatsling of a treasure trove {velocity, rElec rPois Str+2 Stlth+} (You bought it in a shop on level 5 of the Lair of Beasts)
 47546 | Lair:8   | Reached skill level 1 in Conjurations
 48087 | Lair:8   | Identified Magic for Beginners (You found it on level 8 of the Lair of Beasts)
 48428 | Lair:8   | Noticed a dire elephant
 48497 | Lair:8   | Killed a dire elephant
 48630 | Lair:8   | Reached skill level 5 in Short Blades
 48630 | Lair:8   | Reached XP level 15. HP: 55/94 MP: 11/17
 49261 | D:12     | Reached skill level 1 in Shields
 49325 | D:12     | Found Aneir's Gadget Shop.
 49372 | D:12     | Found Vefeapta's General Store.
 49530 | D:12     | Reached skill level 2 in Shields
 49756 | D:12     | Reached skill level 3 in Shields
 50098 | D:12     | Found a staircase to the Orcish Mines.
 50213 | D:12     | Bought a +2 ring of evasion for 170 gold pieces
 50445 | D:13     | Noticed Urug
 50461 | D:13     | Killed Urug
 50610 | D:13     | Found a gate to the Vaults.
 50657 | D:13     | Reached skill level 4 in Shields
 50680 | D:13     | Reached skill level 5 in Shields
 51033 | D:13     | Reached skill level 6 in Shields
 51659 | D:14     | Reached skill level 7 in Shields
 51867 | D:14     | Found Wemiq's General Store.
 52022 | D:14     | Found a runed door.
 52023 | D:14     | Found a white marble altar of Elyvilon.
 52023 | D:14     | Noticed a daeva
 52175 | D:15     | Entered Level 15 of the Dungeon
 52198 | D:15     | Found a blossoming altar of Fedhas.
 52288 | D:15     | Reached skill level 8 in Shields
 52843 | D:15     | Reached skill level 9 in Shields
 53003 | D:15     | Found a staircase to the Depths.
 53327 | Orc:1    | Entered Level 1 of the Orcish Mines
 53483 | D:12     | Reached skill level 10 in Shields
 53515 | Orc:1    | Reached XP level 16. HP: 86/99 MP: 18/18
 53957 | Orc:2    | Entered Level 2 of the Orcish Mines
 54361 | Orc:2    | Noticed Blork the orc
 54374 | Orc:2    | Killed Blork the orc
 54644 | Orc:2    | Noticed Saint Roka
 55194 | Orc:2    | Reached skill level 11 in Shields
 55267 | Orc:2    | Found a roughly hewn altar of Beogh.
 55790 | Orc:2    | Killed Saint Roka
 55876 | Orc:2    | Found Tucyiqam's Antique Weapon Shop.
 55894 | Orc:2    | Found Huruzis's Book Shop.
 55922 | Orc:2    | Found Wuvusuph's Antique Armour Shop.
 55990 | Orc:2    | Bought a dazzling hunting sling for 136 gold pieces
 55995 | Orc:2    | Found a staircase to the Elven Halls.
 56102 | Orc:2    | Found Kemaonwy's General Store.
 56117 | Orc:2    | Identified the +5 hunting sling of Orghixo {venom, Fragile rElec rPois MP+9 Stlth+} (You bought it in a shop on level 2 of the Orcish Mines)
 56293 | Elf:1    | Entered Level 1 of the Elven Halls
 56309 | Elf:1    | Reached skill level 12 in Shields
 56381 | Elf:1    | Found a deep blue altar of Sif Muna.
 56436 | Elf:1    | Found Usos's Gadget Emporium.
 56780 | Elf:1    | Reached skill level 13 in Shields
 57790 | Elf:2    | Got a pitted short sword
 57791 | Elf:2    | Identified the cursed +1 short sword "Zureosan" {venom, MP+9 Stlth+} (You found it on level 2 of the Elven Halls)
 57795 | Elf:2    | Found a runed gate.
 57796 | Elf:2    | Found a runed gate.
 57818 | Elf:2    | Found a runed gate.
 58037 | Elf:3    | Entered Level 3 of the Elven Halls
 58323 | Elf:3    | Found Agiziqog's Book Boutique.
 58628 | Elf:3    | Reached XP level 17. HP: 101/105 MP: 19/19
 58637 | Elf:3    | Noticed a deep elf blademaster
 58647 | Elf:3    | Reached skill level 14 in Shields
 58664 | Elf:3    | Killed a deep elf blademaster
 58685 | Elf:3    | Noticed a deep elf blademaster
 58688 | Elf:3    | Noticed a deep elf master archer
 58696 | Elf:3    | Killed a deep elf blademaster
 58702 | Elf:3    | Noticed a deep elf master archer
 58717 | Elf:3    | Reached skill level 15 in Shields
 58727 | Elf:3    | Killed a deep elf master archer
 58804 | Elf:3    | Killed a deep elf master archer
 59158 | Elf:3    | Found Oxoiclig's General Store.
 59195 | Elf:3    | Found Urucsaep's Gadget Shoppe.
 59239 | Elf:3    | Found Ucwiusso's Distillery.
 59247 | Elf:3    | Bought a potion of heal wounds for 95 gold pieces
 59247 | Elf:3    | Bought a potion of curing for 57 gold pieces
 59247 | Elf:3    | Bought a potion of heal wounds for 95 gold pieces
 59366 | Elf:3    | Reached skill level 16 in Shields
 59368 | Elf:3    | Got a glittering zirconium amulet
 59476 | Elf:3    | Noticed a Shadow Fiend
 59929 | Elf:3    | Identified the amulet "Suzufyot" {Gourm rPois Str-4 Dex+2} (You took it off a deep elf annihilator on level 3 of the Elven Halls)
 60079 | Elf:3    | Got a slimy turquoise ring
 60080 | Elf:3    | Identified the ring "Reing" {+Blink MP+9 Int+3} (You found it on level 3 of the Elven Halls)
 60117 | Elf:3    | Identified the Disquisition on Unholy Rituals
 60124 | Elf:3    | Learned a level 1 spell: Apportation
 60144 | Elf:3    | Identified the Disquisition on Summoning
 60152 | Elf:3    | Learned a level 1 spell: Summon Butterflies
 60157 | Elf:3    | Learned a level 3 spell: Gell's Gravitas
 60159 | Elf:3    | Got a citrine-encrusted plate armour
 60418 | Elf:3    | Reached skill level 1 in Maces & Flails
 60509 | Elf:3    | Found Tinarisa's Gadget Shop.
 60945 | Lair:6   | Reached XP level 18. HP: 108/110 MP: 20/20
 61008 | Spider:1 | Entered Level 1 of the Spider Nest
 62248 | Spider:1 | Reached skill level 5 in Maces & Flails
 63009 | Spider:2 | Noticed Wiglaf
 63016 | Spider:2 | Killed Wiglaf
 63606 | Spider:3 | Noticed Kirke
 63641 | Spider:2 | Killed Kirke
 63641 | Spider:2 | Reached skill level 1 in Spellcasting
 64137 | Spider:4 | Entered Level 4 of the Spider Nest
 64384 | Spider:4 | Noticed Arachne
 64462 | Spider:4 | Killed Arachne
 65758 | Spider:4 | Reached XP level 19. HP: 93/116 MP: 25/25
 66003 | Swamp:1  | Entered Level 1 of the Swamp
 66126 | Swamp:1  | Reached skill level 1 in Translocations
 66998 | Swamp:2  | Learned a level 3 spell: Spectral Weapon
 67002 | Swamp:2  | Learned a level 3 spell: Regeneration
 67005 | Swamp:2  | Learned a level 2 spell: Shroud of Golubria
 67008 | Swamp:2  | Learned a level 2 spell: Song of Slaying
 67035 | Swamp:2  | Reached skill level 5 in Spellcasting
 67115 | Swamp:2  | Reached skill level 17 in Shields
 67483 | Swamp:3  | Noticed Donald
 67525 | Swamp:3  | Killed Donald
 67790 | Swamp:3  | Reached skill level 5 in Charms
 68370 | Swamp:3  | Noticed Louise
 68371 | Swamp:3  | Reached skill level 15 in Slings
 68409 | Swamp:3  | Killed Louise
 68752 | Swamp:4  | Entered Level 4 of the Swamp
 69145 | Swamp:4  | Noticed the 27-headed Lernaean hydra
 69171 | Swamp:4  | Killed the 27-headed Lernaean hydra
 69622 | Swamp:4  | Got a decaying rune of Zot
 70214 | Vaults:1 | Entered Level 1 of the Vaults
 70581 | Vaults:1 | Noticed Asterion
 70696 | Vaults:1 | Killed Asterion
 70773 | Vaults:1 | Reached XP level 20. HP: 125/125 MP: 29/29
 70866 | Vaults:1 | Found Fiwk's Armour Emporium.
 70969 | Vaults:1 | Noticed Nikola
 71002 | Vaults:1 | Killed Nikola
 72125 | Vaults:2 | Found a staircase to the Crypt.
 72414 | Vaults:2 | Reached skill level 18 in Shields
 72430 | Vaults:2 | Reached skill level 1 in Necromancy
 72513 | Vaults:2 | Reached skill level 5 in Air Magic
 74571 | Vaults:3 | Reached XP level 21. HP: 123/130 MP: 30/30
 74602 | Vaults:3 | Found a glowing golden altar of the Shining One.
 75703 | Vaults:3 | Reached skill level 19 in Shields
 75857 | Vaults:4 | Reached skill level 1 in Summonings
 76361 | Vaults:4 | Noticed Frederick
 76367 | Vaults:4 | Killed Frederick
 76455 | Vaults:4 | Found Xiqos's Food Shoppe.
 76785 | Vaults:4 | Found Rynwaec's Armour Shop.
 76825 | Vaults:4 | Noticed Boris
 76843 | Vaults:4 | Killed Boris
 76843 | Vaults:4 | Reached skill level 5 in Necromancy
 77039 | Vaults:4 | Noticed Xtahua
 77042 | Vaults:4 | Killed Xtahua
 77057 | Vaults:4 | Got a shimmering lajatang
 77148 | Vaults:4 | Found Uschao's Antique Weapon Boutique.
 77181 | Vaults:4 | Found Velui's Food Emporium.
 77230 | Vaults:4 | Bought a bread ration for 60 gold pieces
 77230 | Vaults:4 | Bought a bread ration for 60 gold pieces
 77780 | Vaults:5 | Entered Level 5 of the Vaults
 78507 | Vaults:4 | Reached XP level 22. HP: 97/135 MP: 28/33
 78950 | Lair:4   | Learned a level 4 spell: Summon Lightning Spire
 78954 | Lair:4   | Learned a level 3 spell: Conjure Flame
 79533 | Orc:2    | Bought a scroll of enchant armour for 135 gold pieces
 80391 | Vaults:5 | Reached skill level 5 in Summonings
 80925 | Vaults:5 | Noticed a golden dragon
 81180 | Vaults:5 | Killed a golden dragon
 81236 | Vaults:5 | Got a glittering steel ring
 81239 | Vaults:5 | Identified the ring "Dirar" {rC+ MR+ Dex+4 Stlth+} (You took it off a vault sentinel on level 5 of the Vaults)
 81348 | Vaults:5 | Identified a scroll of acquirement
 81874 | Vaults:5 | Reached skill level 20 in Shields
 82304 | Vaults:5 | Reached XP level 23. HP: 82/141 MP: 36/36
 82442 | Vaults:5 | Identified the Guide on Clay
 82548 | Vaults:5 | Got an ancient rapier {elec}
 82563 | Vaults:5 | Identified the Disquisition on Displaced Confrontation
 82566 | Vaults:5 | Got a silver rune of Zot
 82573 | Vaults:5 | Learned a level 5 spell: Summon Forest
 82576 | Vaults:5 | Learned a level 2 spell: Passwall
 82580 | Vaults:5 | Identified the +5 rapier of Going {elec, rPois MR+} (You took it off a yaktaur on level 5 of the Vaults)
 82713 | Vaults:5 | Reached skill level 1 in Transmutations
 82717 | Vaults:5 | Reached skill level 1 in Earth Magic
 82845 | Vaults:5 | Got an ancient shield
 82858 | Vaults:5 | Identified the +0 shield of Sicarys {+Inv rN+ Dex+2} (You took it off an ironbrand convoker on level 5 of the Vaults)
 83160 | Vaults:5 | Reached skill level 5 in Translocations
 83613 | Vaults:5 | Bought a steel ring for 235 gold pieces
 83802 | Crypt:1  | Entered Level 1 of the Crypt
 84280 | Crypt:1  | Reached skill level 5 in Earth Magic
 84343 | Crypt:1  | Lost mutation: You are highly resistant to hostile enchantments. [potion of mutation]
 84611 | Crypt:1  | Reached skill level 5 in Transmutations
 85171 | Crypt:2  | Reached skill level 10 in Spellcasting
 85391 | Crypt:2  | Noticed Khufu
 85408 | Crypt:2  | Killed Khufu
 85417 | Crypt:2  | Noticed a greater mummy
 85422 | Crypt:2  | Killed a greater mummy
 85519 | Crypt:2  | Noticed Jorgrun
 85687 | Crypt:2  | Reached XP level 24. HP: 57/146 MP: 37/37
 85823 | Crypt:2  | Killed Jorgrun
 86676 | Crypt:3  | Entered Level 3 of the Crypt
 87396 | Crypt:3  | Found a staircase to the Tomb.
 87472 | Crypt:3  | Identified the Collected Works on Conjuration and Heat
 87752 | Crypt:3  | Identified a +5 rod of ignition (14/14) (You found it on level 3 of the Crypt)
 88294 | Crypt:3  | Noticed an ancient lich
 88364 | Crypt:3  | Learned a level 3 spell: Ozocubu's Armour
 88568 | Crypt:3  | Slain by a phantasmal warrior

Vault maps used:
D:1:      roderic_lyre
D:3:      xom_redecorated, grunt_decor_one_mirror, uniq_natasha
D:4:      first_bread, kennysheep_minor_cross, uniq_grinder
D:5:      vehumet_altar_wand_db, nicolae_gozag_zags_fifth_avenue,
          minmay_temple_entry_glass, serial_shops, shop, basic_altar,
          nicolae_zen_rock_garden, grunt_ministairs_12, uniq_duvessa,
          uniq_edmund
D:6:      nicolae_ossuary_entry_plus
D:7:      evilmike_ruin_ashenzari, serial_bayou_pond_c, lightli_orcish_oven
D:8:      nicolae_overflow_hidden_temple, serial_shops,
          nicolae_shop_behind_doors, nicolae_shop_trees, shop, shop, uniq_erica
D:9:      grunt_dithmenos_smoke_and_mirrors, grunt_lair_entry_orc_guard_hut
D:11:     serial_shops, kennysheep_mini, david_nohive_1, water_maze_lemuel
D:12:     minmay_connected_boxes_in_corner, erik_orc_1, serial_shops,
          shop_fountains, nicolae_shop_behind_doors, shop, shop_statue
D:13:     lightli_vaults_fourway_checkpoint, uniq_urug
D:14:     serial_shops, shop, lemuel_angel_altar
D:15:     grunt_enter_depths_hoard, minmay_misc_feat_iff,
          hangedman_abyss_or_decor_stagger, minmay_misc_feat_tower,
          minmay_misc_feat_room, fedhas_bush_and_centaur_altar
Temple:   circular_temple_12
Lair:1:   nicolae_quartered_pool_little, serial_bayou_lagoon_b,
          serial_bayou_shore_a, uniq_nergalle, uniq_gastronok
Lair:2:   portal_ice_cave_entry_imps, serial_bayou_pond_d
Lair:4:   minmay_stone_trees_small, uniq_maud
Lair:5:   st_stairs_11, serial_bayou_lagoon_a, guppyfry_lair_drakes,
          uniq_josephine
Lair:6:   minmay_swamp_entry_worms, spider_nest_entry_funnel_web,
          infiniplex_staircase_pool
Lair:7:   dpeg_slime_entry_corner, roderic_carrion_pond
Lair:8:   grunt_lair_end_beastmaster, minivault_11, grunt_megastairs_2
Swamp:1:  evilmike_swamp_ruin_house_4
Swamp:2:  nicolae_swamp_round_clearing, swamp_pool3
Swamp:3:  evilmike_swamp_ruin_house_6, swamp_pool2, uniq_louise, uniq_donald
Swamp:4:  swamp_old_school, swamp_pool1
Spider:2: uniq_wiglaf
Spider:3: uniq_kirke
Spider:4: grunt_spider_rune_parallel, uniq_arachne
Orc:2:    grunt_orc_cross
Elf:1:    eino_elf_arrival_the_gate, serial_shops, nicolae_shop_stone,
          basic_altar, hangedman_elf_represent
Elf:2:    nicolae_elf_big_sculpture_3, uniq_norris
Elf:3:    elf_hall, serial_shops, shop, shop, shop,
          nicolae_shop_temple_entry_statues_fountains, shop_statue
Vaults:1: nicolae_vaults_ring_of_whatevers, v_misc_33, vaults_room_fours,
          hangedman_vaults_impose, hangedman_vaults_stretched_pinwheel,
          hangedman_vaults_nails, v_pattern_4, hangedman_vaults_nails,
          hangedman_vaults_corner_blocks, hangedman_vaults_slice, serial_shops,
          nicolae_shop_waterfront, uniq_asterion, uniq_nikola
Vaults:2: ontoclasm_vaults_eye, v_misc_14, ontoclasm_vaults_twist,
          dpeg_vaults_monster_row, hangedman_vaults_capsules,
          vaults_mumra_chevron_long, hangedman_vaults_maws,
          minmay_crypt_entry_simple_corners, v_misc_25, vaults_dpeg_diagonal,
          v_rooms_5, vaults_mumra_bighexcomb, nicolae_vaults_twisting_passages,
          ontoclasm_vaults_shuriken, grunt_vaults_bifocal, grunt_vaults_focal,
          vaults_room_semicircle
Vaults:3: nicolae_vaults_circle_grid_b, nicolae_vaults_disjoint_gnomons,
          hangedman_vaults_stagger, nicolae_vaults_little_squares_5,
          vaults_dpeg_spiral, v_alt_pattern_6, v_misc_11,
          hangedman_vaults_slice, nicolae_vaults_branching_niches, basic_altar
Vaults:4: v_rooms_3, nicolae_vaults_little_squares_2, vaults_room_door_ring,
          v_misc_13, v_misc_10, nicolae_vaults_little_squares_1,
          grunt_vaults_funnel, v_misc_16, v_misc_13, grunt_vaults_twisty,
          vaults_mumra_hexcomb, serial_ice_h, serial_shops,
          nicolae_shop_window_shopping, nicolae_shop_stone, shop,
          nicolae_shop_trees, uniq_frederick, uniq_xtahua, uniq_boris
Crypt:1:  columned_hall_lemuel, roderic_lattice_octagonal_star
Crypt:2:  uniq_khufu, uniq_jorgrun
Crypt:3:  quadcrypt_mu
Ossuary:  ossuary_tomb_1
IceCv:    ice_cave_statue_garden_02

Skill      XL: |  1  2  3  4  5  6  7  8  9 10 11 12 13 14 15 16 17 18 19 20 21 22 23 24 |
---------------+-------------------------------------------------------------------------+-----
Stealth        | 2 3 4 5 6 8 10 12 14 17 19 | 19.7
Dodging        | 3 4 5 6 8 9 11 12 13 | 13.3
Slings         | 5 8 10 11 14 15 17 | 17.5
Air Magic      | 4 6 8 9 |  9.6
Charms         | 4 6 7 |  7.2
Poison Magic   | 3 6 8 |  8.5
Fighting       | 2 5 6 7 |  7.5
Short Blades   | 5 6 8 |  8.0
Conjurations   | 2 3 |  3.4
Shields        | 10 13 16 17 18 19 20 | 20.1
Maces & Flails | 2 9 |  9.0
Spellcasting   | 4 6 7 9 10 | 10.8
Translocations | 4 7 8 |  8.3
Necromancy     | 4 6 9 |  9.6
Summonings     | 4 6 7 |  7.1
Transmutations | 6 9 |  9.0
Earth Magic    | 7 9 |  9.6
Evocations     | |  3.2

Action                   |  1- 3 |  4- 6 |  7- 9 | 10-12 | 13-15 | 16-18 | 19-21 | 22-24 || total
-------------------------+-------+-------+-------+-------+-------+-------+-------+-------++-------
Melee: Short sword       |    39 |       |   245 |   834 |   218 |       |       |       ||  1336
       Dagger            |    32 |    94 |    42 |       |       |       |       |       ||   168
       Quick blade       |       |       |       |       |   965 |  1744 |  2758 |   971 ||  6438
       Eveningstar       |       |       |       |       |       |    22 |    21 |  1049 ||  1092
 Fire: Blowgun           |       |       |       |    47 |   108 |     6 |       |       ||   161
       Hunting sling     |       |       |       |    80 |   434 |    97 |       |   103 ||   714
       Shortbow          |       |       |       |     7 |   182 |       |       |       ||   189
 Cast: Mephitic Cloud    |       |       |       |       |    23 |    29 |    44 |    34 ||   130
       Olgreb's Toxic Ra |       |       |       |       |       |    16 |       |       ||    16
       Repel Missiles    |       |       |       |       |       |     3 |     4 |     2 ||     9
       Summon Butterflie |       |       |       |       |       |     1 |       |       ||     1
       Spectral Weapon   |       |       |       |       |       |       |    31 |    57 ||    88
       Regeneration      |       |       |       |       |       |       |    40 |    71 ||   111
       Shroud of Golubri |       |       |       |       |       |       |     5 |     7 ||    12
       Swiftness         |       |       |       |       |       |       |     1 |       ||     1
       Summon Lightning  |       |       |       |       |       |       |       |     2 ||     2
       Conjure Flame     |       |       |       |       |       |       |       |     1 ||     1
       Song of Slaying   |       |       |       |       |       |       |       |     1 ||     1
       Gell's Gravitas   |       |       |       |       |       |       |       |     1 ||     1
       Summon Forest     |       |       |       |       |       |       |       |     1 ||     1
       Ozocubu's Armour  |       |       |       |       |       |       |       |     1 ||     1
Invok: Call Merchant     |       |       |       |     3 |     2 |     3 |     3 |     1 ||    12
 Abil: Evoke Blink       |       |       |       |       |       |       |       |     3 ||     3
Evoke: Wand              |     5 |     3 |     5 |    13 |    22 |    13 |    14 |    10 ||    85
       Stone of tremors  |       |       |       |     1 |       |     1 |       |       ||     2
       Lamp of fire      |       |       |       |       |     1 |       |       |     1 ||     2
       Box of beasts     |       |       |       |       |       |     4 |       |       ||     4
       Phial of floods   |       |       |       |       |       |     2 |     4 |     3 ||     9
       Fan of gales      |       |       |       |       |       |     1 |       |     1 ||     2
  Use: Potion            |       |     2 |     9 |     9 |     5 |    16 |     8 |    13 ||    62
       Scroll            |       |       |    12 |    14 |    16 |    17 |    10 |    27 ||    96
 Stab: Sleeping          |     4 |    18 |    13 |    70 |    66 |    72 |   107 |    22 ||   372
       Distracted        |       |       |     5 |    16 |    32 |    28 |    50 |    52 ||   183
       Confused          |       |       |     3 |       |    20 |    16 |    33 |    34 ||   106
       Invisible         |       |       |     4 |       |       |     3 |       |       ||     7
  Eat: Chunk             |       |     4 |    22 |     7 |     1 |       |       |       ||    34
       Meat ration       |       |       |     8 |     1 |     7 |     5 |       |     1 ||    22
       Beef jerky        |       |       |     1 |     4 |     4 |     6 |       |     2 ||    17
       Bread ration      |       |       |     3 |     5 |       |     1 |     8 |     7 ||    24
       Fruit             |       |       |     2 |     4 |       |     2 |     1 |       ||     9
       Pizza             |       |       |       |     1 |     3 |       |     2 |       ||     6
       Royal jelly       |       |       |       |       |     1 |     4 |     5 |       ||    10
